[Event "*** Titled Tuesday Blitz"]
[Site "Chess.com"]
[Date "2020.11.10"]
[Round "2"]
[White "DonPreuss"]
[Black "Siemba"]
[Result "0-1"]
[WhiteElo "2218"]
[BlackElo "2436"]
[TimeControl "180+1"]
[EndTime "10:17:48 PST"]
[Termination "Siemba won by resignation"]

1. d4 d5 2. e4 dxe4 3. Nc3 e5 4. Nxe4 exd4 5. Bb5+ c6 6. Bc4 Bf5 7. Ng3 Bg6 8. N1e2 Nf6 9. Nxd4 Be7 10. O-O O-O 11.
f4 Bc5 12. c3 Bxd4+ 13. cxd4 Be4 14. f5 Bd5 15. Bd3 Nbd7 16. Bg5 Qb6 17. Bc2 Qxb2 18.
Rb1 Qxa2 19. Rxb7 Rab8 20. Rxd7 Nxd7 21. f6 g6 22. Bh6 Rb2 23. Rf2 Rfb8 24. Nf5 gxf5 25.
Rxf5 Nf8 26. Bxf8 Kxf8 27. Rxd5 cxd5 0-1

[Event "*** Titled Tuesday Blitz"]
[Site "Chess.com"]
[Date "2020.11.10"]
[Round "2"]
[White "wonderfultime"]
[Black "Aemulus20"]
[Result "1-0"]
[WhiteElo "2952"]
[BlackElo "2585"]
[TimeControl "180+1"]
[EndTime "10:17:50 PST"]
[Termination "wonderfultime won by resignation"]

1. d4 d5 2. Nf3 e6 3. Bf4 Nf6 4.
e3 c5 5. c3 Bd6 6. Nbd2 Nc6 7.
Bg3 O-O 8. Bb5 Ne7 9. Bd3 Nf5 10.
Bxf5 exf5 11. Bxd6 Qxd6 12. dxc5 Qxc5 13. O-O b6 14.
Qa4 Ne4 15. Rfd1 Bb7 16. Nxe4 fxe4 17. Nd4 Qe7 18. Rd2 a6 19. Rad1 b5 20. Qb3 Rfd8 21.
Ne2 g5 22. a4 Bc6 23. Nd4 Qb7 24. Nxc6 Qxc6 25. Rxd5 Rxd5 26. Qxd5 Qxd5 27. Rxd5 bxa4 28. Rxg5+ Kf8 29. Ra5 Rb8 30. Rxa4 Rxb2 31. g4 Rc2 32. c4 Ke7 33. Kg2 Kf6 34. Rxa6+ Kg5 35. Kg3 f6 36. h4+ Kg6 37. g5 Rxc4 38. Rxf6+ Kg7 39. h5 1-0

[Event "*** Titled Tuesday Blitz"]
[Site "Chess.com"]
[Date "2020.11.10"]
[Round "2"]
[White "maciek_92"]
[Black "GameOverBro"]
[Result "1-0"]
[WhiteElo "2756"]
[BlackElo "2517"]
[TimeControl "180+1"]
[EndTime "10:17:50 PST"]
[Termination "maciek_92 won by resignation"]

1. e4 d6 2. d4 Nf6 3. Nc3 e5 4. Nf3 Nbd7 5. Bc4 Be7 6. O-O c6 7.
a4 h6 8. Re1 Qc7 9. a5 Nf8 10.
d5 Ng6 11. a6 b5 12. Bb3 b4 13. Ba4 Bd7 14. dxc6 Bxc6 15. Nd5 Nxd5 16. Qxd5 Rc8 17.
Be3 Bxa4 18. Rxa4 O-O 19. Rxb4 Qxc2 20. Rb7 Qa4 21. Rxa7 Rc6 22. b3 Qb4 23. Qxc6 Nh4 24. Rc1 Nxf3+ 25. gxf3 Qxb3 1-0

[Event "*** Titled Tuesday Blitz"]
[Site "Chess.com"]
[Date "2020.11.10"]
[Round "2"]
[White "zverr1"]
[Black "vladimirssvesnikovs"]
[Result "0-1"]
[WhiteElo "2412"]
[BlackElo "2249"]
[TimeControl "180+1"]
[EndTime "10:17:50 PST"]
[Termination "vladimirssvesnikovs won by checkmate"]

1. d4 d5 2. c4 e6 3. Nc3 c6 4. Nf3 Nf6 5. e3 Nbd7 6. Qc2 Bd6 7. Bd3 O-O 8. O-O dxc4 9. Bxc4 a6 10. e4 e5 11. dxe5 Nxe5 12. Nxe5 Bxe5 13. Be3 Ng4 14. h3 Nxe3 15. fxe3 Qg5 16. Rf3 b5 17. Bb3 Be6 18. Raf1 Rad8 19. Bxe6 fxe6 20. Rxf8+ Rxf8 21. Rxf8+ Kxf8 22. Qf2+ Ke7 23. g4 h5 24. Qf3 hxg4 25. hxg4 Qh4 26.
Ne2 Qe1+ 27. Kg2 g5 28. b3 c5 29. Qf2 Qd2 30. Kf3 Qd1 31. Qg2 c4 32. bxc4 bxc4 33. Qh3 Kd6 34. Qh5 Qf1# 0-1

[Event "*** Titled Tuesday Blitz"]
[Site "Chess.com"]
[Date "2020.11.10"]
[Round "2"]
[White "markberk"]
[Black "PetrolulSah"]
[Result "1-0"]
[WhiteElo "2431"]
[BlackElo "2218"]
[TimeControl "180+1"]
[EndTime "10:17:52 PST"]
[Termination "markberk won by resignation"]

1. Nf3 Nf6 2. d4 d5 3. e3 g6 4. c4 Bg7 5. Nc3 O-O 6. cxd5 Nxd5 7. Be2 c5 8. O-O cxd4 9. Nxd4 Nxc3 10. bxc3 Nc6 11.
Bf3 Ne5 12. Be4 a6 13. Rb1 Qc7 14. Qb3 Rb8 15. a4 Nc4 16. Bd3 Ne5 17. Be2 Rd8 18.
Ba3 Nc4 19. Qxc4 Qxc4 20. Bxc4 1-0

[Event "*** Titled Tuesday Blitz"]
[Site "Chess.com"]
[Date "2020.11.10"]
[Round "2"]
[White "Das_Virus_2020"]
[Black "NovakCabarkapa"]
[Result "0-1"]
[WhiteElo "2410"]
[BlackElo "2733"]
[TimeControl "180+1"]
[EndTime "10:17:53 PST"]
[Termination "NovakCabarkapa won by resignation"]

1. e4 e6 2. Qe2 b6 3. Nf3 c5 4. d3 Be7 5. g3 g5 6. h3 Nc6 7.
Bg2 h5 8. c4 d6 9. Nc3 Bb7 10.
Be3 Bf6 11. Qd2 g4 12. hxg4 hxg4 13. Rxh8 Bxh8 14. Nh2 Nf6 15. O-O-O Ne5 16. Bg5 Qd7 17. Bxf6 Bxf6 18. Qf4 Qe7 19. Kb1 Bg5 0-1

[Event "*** Titled Tuesday Blitz"]
[Site "Chess.com"]
[Date "2020.11.10"]
[Round "2"]
[White "Flutaga"]
[Black "Zarikovs1999"]
[Result "0-1"]
[WhiteElo "1985"]
[BlackElo "2364"]
[TimeControl "180+1"]
[EndTime "10:17:54 PST"]
[Termination "Zarikovs1999 won by resignation"]

1. e4 c5 2. Nc3 d6 3. f4 g6 4. Nf3 Bg7 5. Bb5+ Bd7 6. a4 Nc6 7. d3 Nf6 8. O-O a6 9. Bxc6 Bxc6 10. a5 O-O 11. Qe1 Nd7 12. Qh4 e6 13. Qg3 f5 14.
e5 dxe5 15. fxe5 Bxf3 16. Qxf3 Nxe5 17. Qxb7 Qd4+ 18. Kh1 Ng4 19. Qf3 e5 20. h3 e4 21.
dxe4 fxe4 22. Qxf8+ Rxf8 23. Rxf8+ Bxf8 24. hxg4 e3 25. Ra4 e2 0-1

[Event "*** Titled Tuesday Blitz"]
[Site "Chess.com"]
[Date "2020.11.10"]
[Round "2"]
[White "rasmussvane"]
[Black "stepanosinovsky"]
[Result "1-0"]
[WhiteElo "2878"]
[BlackElo "2347"]
[TimeControl "180+1"]
[EndTime "10:17:57 PST"]
[Termination "rasmussvane won on time"]

1. Nf3 Nf6 2. g3 g6 3. Bg2 Bg7 4. O-O O-O 5. d4 d6 6. Re1 Nbd7 7. e4 e5 8. Nc3 Re8 9. a4 a5 10. h3 c6 11. Be3 Qc7 12. Qd2 exd4 13. Nxd4 Ne5 14.
b3 Ned7 15. Rad1 Nc5 16. Bh6 Bh8 17. Bf4 Nh5 18. Bg5 Qb6 19. Nde2 Qb4 20. g4 Nf6 21. Qxd6 Nfxe4 22. Nxe4 Nxe4 23. Qxb4 axb4 24. Ng3 1-0

[Event "*** Titled Tuesday Blitz"]
[Site "Chess.com"]
[Date "2020.11.10"]
[Round "2"]
[White "RobPeresian"]
[Black "ENajer77"]
[Result "1-0"]
[WhiteElo "2458"]
[BlackElo "2674"]
[TimeControl "180+1"]
[EndTime "10:17:58 PST"]
[Termination "RobPeresian won by resignation"]

1. Nf3 d5 2. d4 Nf6 3. c4 dxc4 4. Nc3 a6 5. e4 b5 6. a4 b4 7. e5 bxc3 8. exf6 cxb2 9. fxg7 Bxg7 10. Bxb2 Be6 11.
Rc1 Qd6 12. Bxc4 Qb4+ 13. Qd2 Qxd2+ 14. Nxd2 Bxc4 15. Rxc4 Nd7 16. O-O Rb8 17. Ba3 Rb7 18. Re1 e6 19. Rc6 Nb8 20. Rc4 Nd7 21. Rc6 Bxd4 22.
Rxa6 Bc3 23. Ra8+ Nb8 24. Rb1 Rxb1+ 25. Nxb1 Kd7 26. Nxc3 1-0

[Event "*** Titled Tuesday Blitz"]
[Site "Chess.com"]
[Date "2020.11.10"]
[Round "2"]
[White "Grischuk"]
[Black "fabianvivasz"]
[Result "1-0"]
[WhiteElo "3009"]
[BlackElo "2349"]
[TimeControl "180+1"]
[EndTime "10:17:58 PST"]
[Termination "Grischuk won on time"]

1. Nf3 Nf6 2. d4 g6 3. Bf4 Bg7 4. e3 d6 5. Be2 c5 6. c3 O-O 7. Nbd2 Nc6 8. O-O cxd4 9. exd4 Be6 10. Re1 Qb6 11. Qb1 Rac8 12. a4 a5 13. h3 Nd5 14. Bh2 Rfe8 15. Bd3 Bd7 16. Ne4 Nf6 17. Neg5 Qd8 18. Qa2 Rf8 19. Bc4 Be8 20. Nd2 h6 21. Ngf3 1-0

[Event "*** Titled Tuesday Blitz"]
[Site "Chess.com"]
[Date "2020.11.10"]
[Round "2"]
[White "A-Fier"]
[Black "Chuchofrio1"]
[Result "1-0"]
[WhiteElo "2761"]
[BlackElo "2334"]
[TimeControl "180+1"]
[EndTime "10:18:00 PST"]
[Termination "A-Fier won by resignation"]

1. b3 d5 2. Bb2 e6 3. e3 Nf6 4. f4 c5 5. Nf3 Bd6 6. Bb5+ Bd7 7. Bxd7+ Nbxd7 8. O-O O-O 9. d3 Re8 10. Ne5 Qc7 11.
Nxd7 Nxd7 12. Qg4 Bf8 13. Nd2 f6 14. Nf3 Qd6 15. Rae1 Rad8 16. e4 d4 17. e5 Qd5 18.
exf6 Nxf6 19. Qh3 Qd6 20. Ne5 Nd5 21. Bc1 Ne7 22. Nc4 Qc7 23. Qxe6+ Kh8 24. Qf7 Qc8 25. Ne5 Nd5 26. Rf3 Qe6 27. Kf2 Qxf7 28. Nxf7+ Kg8 29. Nxd8 Rxd8 30. f5 Bd6 31. g3 Nb4 32. f6 Nxc2 33.
f7+ Kf8 34. Re6 Be7 35. Rxe7 Kxe7 36. Bg5+ 1-0

[Event "*** Titled Tuesday Blitz"]
[Site "Chess.com"]
[Date "2020.11.10"]
[Round "2"]
[White "Chess2019Player"]
[Black "Oligan22"]
[Result "1-0"]
[WhiteElo "2266"]
[BlackElo "2433"]
[TimeControl "180+1"]
[EndTime "10:18:00 PST"]
[Termination "Chess2019Player won by resignation"]

1. Nf3 d5 2. c4 d4 3. e3 c5 4. exd4 cxd4 5. d3 Nc6 6. g3 Bg4 7.
Bg2 e5 8. O-O Bd6 9. Re1 Nge7 10. Nbd2 O-O 11. h3 Bh5 12. Ne4 f5 13. Nxd6 Qxd6 14.
Qb3 Rae8 15. Nxe5 Nxe5 16. c5+ Bf7 17. cxd6 Bxb3 18. Rxe5 Nc6 19. Rxe8 Rxe8 20. Bxc6 Re1+ 21. Kg2 bxc6 22. axb3 Kf7 23. Rxa7+ Kf8 24. Bg5 1-0

[Event "*** Titled Tuesday Blitz"]
[Site "Chess.com"]
[Date "2020.11.10"]
[Round "2"]
[White "littleplotkin"]
[Black "Andrii_Prydun"]
[Result "0-1"]
[WhiteElo "2642"]
[BlackElo "2365"]
[TimeControl "180+1"]
[EndTime "10:18:05 PST"]
[Termination "Andrii_Prydun won by resignation"]

1. e4 d5 2. exd5 Qxd5 3. Nc3 Qd6 4. d4 Nf6 5. Nf3 c6 6. Ne5 Nbd7 7. Bf4 Nd5 8. Nxd5 Qxd5 9. Nxd7 Bxd7 10. c3 g6 11. Be5 f6 12. Bg3 Qe4+ 13. Qe2 Qxe2+ 14. Bxe2 O-O-O 15. O-O-O Be6 16. Kc2 h5 17. h4 Bg7 18. Bf3 Rhe8 19.
Rhe1 Bf5+ 20. Kb3 e6 21. c4 Bg4 22. Bxg4 hxg4 23. Kc3 c5 24. dxc5 Rxd1 25. Rxd1 f5+ 26.
Kc2 e5 27. f3 gxf3 28. gxf3 e4 29. f4 a5 30. a3 a4 31. Rg1 Bf8 32. Be1 Re6 33. Bb4 Kc7 34. Rd1 Be7 35. Ba5+ Kc6 36. Bd8 Bxc5 37. Bg5 Bb6 38. Rd5 e3 39. Kd1 e2+ 40.
Ke1 Bf2+ 41. Kxf2 e1=Q+ 0-1

[Event "*** Titled Tuesday Blitz"]
[Site "Chess.com"]
[Date "2020.11.10"]
[Round "2"]
[White "German_Bazeev"]
[Black "elisak43"]
[Result "1/2-1/2"]
[WhiteElo "2731"]
[BlackElo "2517"]
[TimeControl "180+1"]
[EndTime "10:18:09 PST"]
[Termination "Game drawn by agreement"]

1. d4 Nf6 2. Nf3 e6 3. c4 d5 4.
g3 Bb4+ 5. Bd2 Be7 6. Bg2 O-O 7. Qc2 b6 8. h4 Bb7 9. Nc3 c5 10. Rd1 cxd4 11. Nxd4 Nc6 12. Nxc6 Bxc6 13. O-O Rc8 14. Bf4 Qe8 15. cxd5 Nxd5 16. Nxd5 Bxd5 17. Qd3 Bxg2 18. Kxg2 Bf6 19. b3 Qc6+ 20. Qf3 Qxf3+ 21. Kxf3 Rc3+ 22. Be3 Rc2 23. Rd2 Rfc8 24. Rfd1 h5 25. Rxc2 Rxc2 26. a4 Rc3 27. Rd7 Rxb3 28. Rxa7 Bd4 29. Ra8+ Kh7 30. Rb8 Bxe3 31. fxe3 Rb4 32. e4 Rxa4 33. Rxb6 Kg6 34. Rb5 Ra3+ 35. e3 f6 36. Rb6 e5 37. Rb7 Ra1 1/2-1/2

[Event "*** Titled Tuesday Blitz"]
[Site "Chess.com"]
[Date "2020.11.10"]
[Round "2"]
[White "Gusarov91"]
[Black "VladimirBugayev"]
[Result "1-0"]
[WhiteElo "2628"]
[BlackElo "2237"]
[TimeControl "180+1"]
[EndTime "10:18:09 PST"]
[Termination "Gusarov91 won on time"]

1. d4 Nf6 2. Nf3 g6 3. c4 c5 4.
g3 Bg7 5. Bg2 O-O 6. O-O cxd4 7.
Nxd4 Nc6 8. Nc3 Qb6 9. Nb3 Qa6 10. Nb5 Qb6 11. Be3 Qd8 12. h3 d6 13. Rc1 a6 14.
N5d4 Nxd4 15. Nxd4 Rb8 16. c5 dxc5 17. Rxc5 b6 18.
Rc2 Bb7 19. Nc6 Bxc6 20. Rxc6 Qxd1 21. Rxd1 Rfc8 22. Rxb6 Rxb6 23. Bxb6 Rb8 24. Rd8+ Rxd8 25. Bxd8 e6 26. Bb7 1-0

[Event "*** Titled Tuesday Blitz"]
[Site "Chess.com"]
[Date "2020.11.10"]
[Round "2"]
[White "ErikRonka"]
[Black "sofaceindisguise"]
[Result "0-1"]
[WhiteElo "2386"]
[BlackElo "2674"]
[TimeControl "180+1"]
[EndTime "10:18:12 PST"]
[Termination "sofaceindisguise won on time"]

1. e4 c5 2. Nf3 d6 3. d4 cxd4 4. Nxd4 Nf6 5. Nc3 a6 6. Be3 e6 7. f3 b5 8. Qd2 Bb7 9. g4 Nfd7 10. O-O-O Nb6 11. Nb3 N8d7 12. Na5 Qc7 13. Nxb7 Qxb7 14. b3 Rc8 15. h4 d5 16. Ne2 Ba3+ 17. Kb1 Nc4 18.
Qd4 Bc5 19. Qxg7 Nxe3 20. Qxh8+ Ke7 21. Qxh7 Nxd1 22. exd5 Qxd5 23. Bg2 Ne3 24. Nf4 Qd2 25. Bh3 Bd6 26. Ng6+ Ke8 27. Qg8+ Nf8 0-1

[Event "*** Titled Tuesday Blitz"]
[Site "Chess.com"]
[Date "2020.11.10"]
[Round "2"]
[White "aridannie"]
[Black "Vandros57"]
[Result "0-1"]
[WhiteElo "2394"]
[BlackElo "2210"]
[TimeControl "180+1"]
[EndTime "10:18:13 PST"]
[Termination "Vandros57 won by resignation"]

1. e4 c5 2. Nc3 e6 3. Nf3 Nc6 4.
d4 cxd4 5. Nxd4 Nf6 6. Ndb5 Bb4 7. a3 Bxc3+ 8. Nxc3 d5 9. exd5 exd5 10. Bd3 O-O 11. O-O d4 12. Ne2 h6 13. h3 Re8 14. Nf4 Ne4 15. Re1 Nc5 16. Bc4 Ne5 17. Ba2 Bf5 18. Bd2 d3 19. c3 Ne4 20. Bb3 Nxd2 21. Qxd2 Qg5 22. Bd5 Rad8 23. c4 Rxd5 24. cxd5 Nf3+ 25. Kh1 Rxe1+ 0-1

[Event "*** Titled Tuesday Blitz"]
[Site "Chess.com"]
[Date "2020.11.10"]
[Round "2"]
[White "BanjoKazooieN64"]
[Black "IngOscarArdila"]
[Result "1-0"]
[WhiteElo "2395"]
[BlackElo "2122"]
[TimeControl "180+1"]
[EndTime "10:18:15 PST"]
[Termination "BanjoKazooieN64 won by checkmate"]

1. e4 e5 2. Nf3 Nc6 3. Bc4 Be7 4. d4 d6 5. dxe5 dxe5 6. Qxd8+ Bxd8 7. Nc3 Nge7 8. Be3 O-O 9. O-O-O Bg4 10. h3 Bh5 11. g4 Bg6 12. h4 h5 13. Ng5 Na5 14. Bd3 a6 15. Rdg1 b5 16. Bc5 Nb7 17. Bxe7 Bxe7 18. Nd5 Bd8 19. Be2 hxg4 20. Bxg4 c6 21. Ne3 Bxg5 22.
hxg5 Bxe4 23. f3 Bg6 24. Nf5 Rfe8 25. Rh2 Kf8 26. Rh8# 1-0

[Event "*** Titled Tuesday Blitz"]
[Site "Chess.com"]
[Date "2020.11.10"]
[Round "2"]
[White "DinaBelenkaya"]
[Black "GoltsevDmitry2000"]
[Result "1-0"]
[WhiteElo "2336"]
[BlackElo "2638"]
[TimeControl "180+1"]
[EndTime "10:18:17 PST"]
[Termination "DinaBelenkaya won by resignation"]

1. e4 c5 2. Nc3 e6 3. g3 Nc6 4.
Bg2 g6 5. d3 Bg7 6. Nf3 d6 7.
Bg5 Nge7 8. Qd2 h6 9. Be3 b6 10. d4 Bb7 11. O-O e5 12. d5 Nd4 13. Nd1 f5 14. Nh4 fxe4 15. Bxe4 g5 16. Ng6 Nxg6 17. Bxg6+ Ke7 18. f4 Rf8 19. f5 Bf6 20. c3 Nb5 21. a4 Nc7 22. c4 a6 23. Nc3 Bc8 24. Ne4 Bd7 25. h4 gxh4 26. Bxh6 hxg3 27. Nxf6 Rxf6 28. Bg7 Ne8 29. Bxf6+ Nxf6 30. Qg5 Qh8 31. Qxg3 Qh6 32. Rf2 Ne4 33. f6+ Nxf6 34. Rh2 Qg7 35. Rf1 Rg8 36.
Rg2 Be8 37. Qh3 Bxg6 38. Qe6+ Kd8 39. Rxf6 Qh6 40. Qxg8+ Kc7 41. Qxg6 Qe3+ 42. Rff2 1-0

[Event "*** Titled Tuesday Blitz"]
[Site "Chess.com"]
[Date "2020.11.10"]
[Round "2"]
[White "Federtiu"]
[Black "pheonixking2000"]
[Result "1-0"]
[WhiteElo "2562"]
[BlackElo "2762"]
[TimeControl "180+1"]
[EndTime "10:18:20 PST"]
[Termination "Federtiu won on time"]

1. e4 g6 2. d4 Bg7 3. Nc3 c6 4. f4 d5 5. e5 f6 6. Be3 Nh6 7. Qd2 O-O 8. O-O-O Ng4 9. h3 Nxe3 10. Qxe3 b5 11. Nf3 Qa5 12. Kb1 b4 13. Ne2 Nd7 14.
Nc1 Qc7 15. Nd3 a5 16. e6 Nb6 17. Nc5 Qd6 18. h4 Nc4 19. Bxc4 dxc4 20. h5 a4 21. h6 Bh8 22. f5 g5 23. Nxg5 Qd5 24. Rhf1 b3 25. Qg3 bxc2+ 26. Kxc2 1-0

[Event "*** Titled Tuesday Blitz"]
[Site "Chess.com"]
[Date "2020.11.10"]
[Round "2"]
[White "SaqoChess_Twitch"]
[Black "zala02"]
[Result "1-0"]
[WhiteElo "2405"]
[BlackElo "2156"]
[TimeControl "180+1"]
[EndTime "10:18:21 PST"]
[Termination "SaqoChess_Twitch won on time"]

1. d4 Nf6 2. c4 e6 3. Nc3 Bb4 4. a3 Bxc3+ 5. bxc3 c5 6. e3 O-O 7. Bd3 Nc6 8. Ne2 b6 9. O-O Ba6 10. e4 Ne8 11. f4 f5 12. exf5 exf5 13. dxc5 bxc5 14. Ng3 g6 15. Be3 d6 16. Bxf5 gxf5 17.
Qd5+ Rf7 18. Qxc6 Bb7 19. Qa4 Rc8 20. Qc2 Qd7 21. Rfe1 Rg7 22. Rad1 h5 23. Rd2 Rf7 24. Nxh5 Ng7 25. Nxg7 Rxg7 26. g3 Qc6 27. Rd5 Qe8 28. Bf2 Qh5 29. Qxf5 Qf3 30. Qe6+ Kh7 31. Qe4+ Qxe4 32.
Rxe4 Bxd5 33. cxd5 Rb8 34. c4 Rb2 35. Re6 Rg6 36.
f5 Rxe6 37. dxe6 Kg7 38. g4 Rb3 39. g5 Rxa3 40. f6+ Kg6 41. e7 Kf7 42. g6+ Ke8 43. g7 1-0

[Event "*** Titled Tuesday Blitz"]
[Site "Chess.com"]
[Date "2020.11.10"]
[Round "2"]
[White "penguingm1"]
[Black "redbaron8888"]
[Result "1-0"]
[WhiteElo "2827"]
[BlackElo "2543"]
[TimeControl "180+1"]
[EndTime "10:18:22 PST"]
[Termination "penguingm1 won by resignation"]

1. d4 Nf6 2. c4 e6 3. Nc3 Bb4 4. Qc2 b6 5. e4 c5 6. d5 exd5 7.
exd5 O-O 8. Bd3 Re8+ 9. Ne2 d6 10. O-O Bxc3 11. Nxc3 Nbd7 12. Bg5 h6 13. Bh4 Ne5 14. Rfe1 Bd7 15. Ne4 g5 16. Nxg5 Nxd5 17. Bh7+ Kf8 18. Ne6+ Bxe6 19. Bxd8 Raxd8 20. cxd5 Bxd5 21. Qd2 Be6 22. Qxh6+ Ke7 23. f4 Ng4 24. Qh4+ Kd7 25. f5 1-0

[Event "*** Titled Tuesday Blitz"]
[Site "Chess.com"]
[Date "2020.11.10"]
[Round "2"]
[White "serhanberat_ozdemir"]
[Black "RamyresCoelho"]
[Result "0-1"]
[WhiteElo "2358"]
[BlackElo "2066"]
[TimeControl "180+1"]
[EndTime "10:18:23 PST"]
[Termination "RamyresCoelho won on time"]

1. e4 c5 2. Nf3 d6 3. d4 cxd4 4. Nxd4 Nf6 5. Nc3 a6 6. f3 e6 7. Be3 b5 8. Qd2 Bb7 9. g4 Nbd7 10. O-O-O Rc8 11. g5 Nh5 12. Qg2 g6 13. Qf2 Ne5 14.
Be2 b4 15. Nb1 Qa5 16. f4 Nc4 17. Bxc4 Rxc4 18. Nd2 Rc8 19. Kb1 Bg7 20. f5 exf5 21.
Rhf1 f4 22. Bxf4 Nxf4 23. Qxf4 O-O 24. N2b3 Qc7 25. h4 Be5 26. Qf3 a5 27. Qf2 a4 28.
Nc1 Bxe4 29. Nd3 b3 0-1

[Event "*** Titled Tuesday Blitz"]
[Site "Chess.com"]
[Date "2020.11.10"]
[Round "2"]
[White "ChessWarrior7197"]
[Black "Love_craft"]
[Result "1-0"]
[WhiteElo "2999"]
[BlackElo "2605"]
[TimeControl "180+1"]
[EndTime "10:18:27 PST"]
[Termination "ChessWarrior7197 won on time"]

1. e4 g6 2. d4 Bg7 3. Nc3 d6 4. f4 a6 5. Nf3 b5 6. Bd3 Bb7 7. e5 e6 8. a4 b4 9. Ne4 a5 10. O-O Ne7 11. c3 O-O 12. Bd2 Nbc6 13. Qe1 bxc3 14. bxc3 Ba6 15. Bb5 Bb7 16. Qh4 Nf5 17. Qh3 Nxe5 18. fxe5 Bxe4 19. Ng5 h6 20. Nxe4 dxe5 21.
g4 Nxd4 22. cxd4 Qxd4+ 23. Qe3 Rfd8 24. Rae1 f5 25. Qxd4 Rxd4 26. Bc6 Rb8 27. Bxa5 fxe4 28. Rxe4 1-0

[Event "*** Titled Tuesday Blitz"]
[Site "Chess.com"]
[Date "2020.11.10"]
[Round "2"]
[White "Andreikka"]
[Black "Ermito2020"]
[Result "1-0"]
[WhiteElo "2970"]
[BlackElo "2594"]
[TimeControl "180+1"]
[EndTime "10:18:27 PST"]
[Termination "Andreikka won by checkmate"]

1. e4 e6 2. d4 d5 3. e5 c5 4. c3 Nc6 5. Nf3 Qb6 6. a3 Nh6 7.
Bd3 cxd4 8. O-O Nf5 9. Bxf5 exf5 10.
cxd4 Be6 11. Nc3 h6 12. h3 Be7 13. Ne2 O-O 14. b3 Rac8 15. Nf4 Rc7 16. Qd3 Rfc8 17. Bd2 a6 18. Rfe1 Na7 19. Qe3 Nb5 20. Nh5 Bf8 21.
Qf4 Nxa3 22. Nxg7 Kxg7 23. Qxh6+ Kg8 24. Qg5+ Kh7 25. Qh4+ Kg8 26. Bg5 f6 27. Bxf6 Rh7 28.
Qg3+ Kf7 29. Ng5+ Ke8 30. Nxh7 Bb4 31. Qg6+ Bf7 32. Qg7 Nc2 33. e6 Bxe6 34. Ng5 Nxe1 35. Rxe1 Rc6 36. Qf7# 1-0

[Event "*** Titled Tuesday Blitz"]
[Site "Chess.com"]
[Date "2020.11.10"]
[Round "2"]
[White "Malysch"]
[Black "LamaChampetre"]
[Result "1-0"]
[WhiteElo "2409"]
[BlackElo "2159"]
[TimeControl "180+1"]
[EndTime "10:18:27 PST"]
[Termination "Malysch won by resignation"]

1. d4 Nf6 2. c4 g6 3. g3 Bg7 4.
Bg2 d5 5. cxd5 Nxd5 6. Nf3 Nb6 7. O-O Nc6 8. Nc3 e5 9. dxe5 Qxd1 10. Rxd1 Nxe5 11.
Nb5 Nxf3+ 12. Bxf3 Be5 13. Bf4 Bxf4 14. gxf4 O-O 15.
Nxc7 Rb8 16. Rac1 Bf5 17. Nb5 a6 18. Nd6 Be6 19. b3 a5 20. Nxb7 a4 21. Nc5 axb3 22. axb3 Nc8 23. Nxe6 fxe6 24. Rc7 Rf7 25. Rd8+ Rf8 26.
Rdd7 Rxf4 27. Rg7+ Kf8 28. Rxh7 Ke8 29. Bc6+ Kd8 30.
Rcd7+ Ke8 31. Rh8+ 1-0

[Event "*** Titled Tuesday Blitz"]
[Site "Chess.com"]
[Date "2020.11.10"]
[Round "2"]
[White "IANOV0007"]
[Black "Morshynska"]
[Result "1-0"]
[WhiteElo "2436"]
[BlackElo "2221"]
[TimeControl "180+1"]
[EndTime "10:18:28 PST"]
[Termination "IANOV0007 won by resignation"]

1. Nf3 d5 2. g3 c6 3. Bg2 Nf6 4. d3 Bg4 5. Nbd2 Nbd7 6. h3 Bh5 7. O-O e5 8. e4 dxe4 9. dxe4 Bc5 10. Qe1 h6 11. Nc4 Qe7 12. Nh4 Bg6 13. Nxg6 fxg6 14. Bd2 O-O 15. b4 Bd4 16. c3 Bb6 17. a4 Bc7 18. a5 a6 19. Qe2 Kh7 20. Rad1 Rfe8 21. Be3 Qe6 22. Rd2 Rad8 23. Rfd1 Nf8 24. Nb6 Rxd2 25. Rxd2 Rd8 26. Rxd8 Bxd8 27. Qd3 N8d7 28. Nc4 Be7 29. Kh2 g5 30. Kg1 Nf8 31. Nb6 N8d7 32. Qc4 Qxc4 33. Nxc4 Kg6 34. Kf1 Kf7 35. Ke2 Ke6 36.
Kd3 Ne8 37. h4 g4 38. f3 gxf3 39. Bh3+ 1-0

[Event "*** Titled Tuesday Blitz"]
[Site "Chess.com"]
[Date "2020.11.10"]
[Round "2"]
[White "Meri-Arabidze"]
[Black "mishanick"]
[Result "0-1"]
[WhiteElo "2608"]
[BlackElo "3052"]
[TimeControl "180+1"]
[EndTime "10:18:29 PST"]
[Termination "mishanick won by resignation"]

1. d4 Nf6 2. c4 e6 3. Nc3 Bb4 4. Nf3 d5 5. Bg5 dxc4 6. e4 c5 7. Bxc4 cxd4 8. Nxd4 Bxc3+ 9. bxc3 Qa5 10. Bxf6 Qxc3+ 11. Kf1 Qxc4+ 12. Ne2 O-O 13. Bd4 Nc6 14. Rc1 Qa6 15.
Bc5 Rd8 16. Qc2 e5 17. h4 Be6 18. Kg1 Rac8 19. Qb2 Qxa2 20. Qxa2 Bxa2 21. Rh3 b6 22. Ra3 Be6 23. Be3 h5 24. Rca1 Na5 25. Nc3 Nc4 0-1

[Event "*** Titled Tuesday Blitz"]
[Site "Chess.com"]
[Date "2020.11.10"]
[Round "2"]
[White "andrzej"]
[Black "DenisQ"]
[Result "1-0"]
[WhiteElo "2365"]
[BlackElo "2640"]
[TimeControl "180+1"]
[EndTime "10:18:29 PST"]
[Termination "andrzej won by resignation"]

1. e4 c6 2. d4 d5 3. exd5 cxd5 4. Bd3 Nc6 5. c3 Nf6 6. Bf4 Bg4 7. Qb3 Qd7 8. Nd2 e6 9. Ngf3 Bxf3 10. Nxf3 Bd6 11. Bxd6 Qxd6 12. O-O O-O 13. Rae1 Qc7 14. Qc2 Rfc8 15.
Qe2 a6 16. Ne5 Nxe5 17. dxe5 Nd7 18. Qh5 g6 19. Qg5 Kg7 20. h4 Qd8 21. Qg3 h5 22.
f4 Nc5 23. Bb1 Kh7 24. f5 exf5 25. Bxf5 Rc6 26. e6 Nxe6 27. Bxe6 Rxe6 28. Rxf7+ Kg8 1-0

[Event "*** Titled Tuesday Blitz"]
[Site "Chess.com"]
[Date "2020.11.10"]
[Round "2"]
[White "PawnEatingZombie"]
[Black "eightbyeightchess"]
[Result "0-1"]
[WhiteElo "2175"]
[BlackElo "2408"]
[TimeControl "180+1"]
[EndTime "10:18:29 PST"]
[Termination "eightbyeightchess won by resignation"]

1. d4 d5 2. c4 c6 3. Nc3 Nf6 4. e3 a6 5. Qc2 Bg4 6. Nge2 e6 7.
h3 Bh5 8. Nf4 Bg6 9. Nxg6 hxg6 10.
Be2 Bd6 11. Bd2 Nbd7 12. c5 Bc7 13. f4 Nh5 14. O-O Ng3 15. Rf2 Ba5 16. Bd3 Bxc3 17. bxc3 Nf6 18. Be1 Nfe4 19. Rf3 Nf5 20. Bxe4 dxe4 21.
Qxe4 O-O 22. Qc2 Nh4 23. Bxh4 Qxh4 24. Rff1 Rab8 25. Rab1 Rfd8 26. Qf2 Qf6 27. Rb3 Qf5 28. Qe2 Qd5 29. Rfb1 Qd7 30. e4 Qe7 31. Qxa6 bxa6 32. Rxb8 Rxb8 33. Rxb8+ Kh7 34. g4 Qh4 0-1

[Event "*** Titled Tuesday Blitz"]
[Site "Chess.com"]
[Date "2020.11.10"]
[Round "2"]
[White "catzapto"]
[Black "Xeniya2005"]
[Result "0-1"]
[WhiteElo "2132"]
[BlackElo "2398"]
[TimeControl "180+1"]
[EndTime "10:18:29 PST"]
[Termination "Xeniya2005 won by checkmate"]

1. e4 e6 2. d4 d5 3. Nd2 c5 4. Ngf3 cxd4 5. Nxd4 Nc6 6. Bb5 Bd7 7. Nxc6 bxc6 8. Bd3 g6 9. O-O Bg7 10. f4 Ne7 11. c3 c5 12. Nf3 O-O 13. Qe1 Bc6 14.
e5 Qd7 15. Qh4 f6 16. exf6 Bxf6 17. Ng5 Nf5 18. Bxf5 exf5 19. Re1 Rae8 20. Bd2 d4 21. Rxe8 Rxe8 22. Re1 Be4 23. Qh6 Re7 24. h4 dxc3 25.
Bxc3 Bxc3 26. bxc3 Qd2 27. Rxe4 fxe4 28. h5 Qe1+ 29. Kh2 Qh4+ 30. Nh3 e3 31. f5 e2 32.
fxg6 e1=Q 33. gxh7+ Rxh7 34. Qg6+ Rg7 35. Qc6 Qhg3# 0-1